Whalers vs Nordiques

Created - 8 décembre 2017 at 06:19

Goals
1 2 3 T
Whalers 0 0 0 0
Nordiques 0 1 1 2
Shots
1 2 3 T
Whalers 6 9 5 20
Nordiques 11 13 14 38

1st period

No Goal

Penalties :
Ryan Callahan (HAR) for High sticking (Minor) at 8:16, Austin Watson (HAR) for Interference (Minor) at 15:37

2nd period

1. Nordiques , Evander Kane 6 (Alexander Wennberg 14, Kyle Turris 14) at 2:35 (PP)

Penalties :
BROCK BOESER (HAR) for Hooking (Minor) at 0:48, Ryan Pulock (HAR) for Holding (Minor) at 3:43, Jaromir Jagr (QUE) for Interference (Minor) at 6:00, Tommy Cross (HAR) for Interference (Minor) at 10:49

3rd period

2. Nordiques , Kyle Turris 10 (Tom Gilbert 5, Alexander Wennberg 15) at 14:20

Penalties :
Jaycob Megna (HAR) for Hooking (Minor) at 0:04, Austin Watson (HAR) for Interference (Minor) at 10:04

Goalie Stats

Connor Hellebuyck (HAR), 36 saves from 38 shots - (0,947), L, 11-12-1, 60:00 minutes
Roberto Luongo (QUE), 20 saves from 20 shots - (1,000), W, 18-5-2, 60:00 minutes

Players Stats for Whalers

Player Name              G  A  P  +/- PIM S  H  SB GA TA FO     MP     PP MP  PK MP  
------------------------------------------------------------------------------------
Austin Watson            0  0  0   0  4   1  0  1  0  0  3/16   14:50   1:06   0:47 
BROCK BOESER             0  0  0  -1  2   2  3  1  0  0  0/0    20:17   0:53   6:14 
Byron Froese             0  0  0   0  0   0  1  0  0  1  0/0     4:59   0:00   0:00 
Dennis Wideman           0  0  0   0  0   1  1  1  0  1  0/0    27:31   0:47   7:54 
Drake Caggiula           0  0  0  -1  0   1  3  1  0  1  2/10   16:07   0:53   2:10 
Jaycob Megna             0  0  0  -1  2   1  3  2  0  1  0/0    18:40   0:39   5:20 
Jonny Brodzinski         0  0  0   0  0   0  0  0  0  0  0/0     2:15   0:12   0:00 
Kris Russell             0  0  0   0  0   1  4  1  0  1  0/0    27:32   0:47   7:36 
Kris Versteeg            0  0  0   0  0   2  0  1  0  0  1/1    13:22   0:00   0:00 
Lance Bouma              0  0  0   0  0   1  1  0  0  0  4/11   12:48   0:00   0:00 
Loui Eriksson            0  0  0  -1  0   1  1  0  0  1  0/1    19:12   0:53   4:37 
Mark Barberio            0  0  0   0  0   0  0  1  0  1  0/0    13:09   0:33   0:00 
Nic Dowd                 0  0  0   0  0   0  0  0  0  0  2/3     5:05   0:00   0:00 
Phil Kessel              0  0  0   0  0   2  2  1  1  2  3/10   23:43   0:54   7:02 
Ryan Callahan            0  0  0   0  2   4  0  0  0  0  0/0    15:16   0:00   1:55 
Ryan Pulock              0  0  0  -1  2   0  0  3  1  1  0/0    18:55   1:12   5:15 
Scott Hartnell           0  0  0   0  0   2  3  0  0  1  0/1    18:14   1:06   4:37 
Tommy Cross              0  0  0   0  2   1  1  0  0  0  0/0    14:17   0:00   1:17 

Players Stats for Nordiques

Player Name              G  A  P  +/- PIM S  H  SB GA TA FO     MP     PP MP  PK MP  
------------------------------------------------------------------------------------
Alexander Wennberg       0  2  2   1  0   6  0  0  1  0  1/1    18:38   6:41   0:00 
Connor Brown             0  0  0   0  0   1  3  0  1  0  0/1    14:36   0:03   1:04 
Derek MacKenzie          0  0  0   0  0   0  0  0  0  0  0/0     8:39   0:00   0:55 
Evander Kane             1  0  1   1  0   4  1  0  1  0  0/0    18:28   6:41   0:00 
Jamie Benn               0  0  0   0  0   6  3  0  1  0  2/2    18:37   6:55   0:00 
Jared Spurgeon           0  0  0   0  0   3  1  0  0  0  0/0    25:49   8:07   0:53 
Jaromir Jagr             0  0  0   0  2   2  1  1  0  0  0/0    13:10   0:05   0:00 
John-Michael Liles       0  0  0   1  0   0  1  0  0  0  0/0    18:43   5:34   0:00 
Kevin Klein              0  0  0   0  0   0  0  1  0  1  0/0    15:28   0:00   1:06 
Kyle Turris              1  1  2   1  0   6  2  0  1  0  15/22  18:09   6:41   0:00 
Luke Glendening          0  0  0   0  0   0  0  0  1  0  3/3     8:31   0:00   0:55 
Morgan Rielly            0  0  0   0  0   0  0  0  1  1  0/0    24:40   5:34   1:06 
Patrik Berglund          0  0  0   0  0   2  4  1  1  0  7/10   14:15   0:05   1:04 
Paul Carey               0  0  0   0  0   1  3  0  0  0  0/0     7:36   0:00   0:00 
Ryan O'Reilly            0  0  0   0  0   2  1  1  1  0  9/13   18:45   6:57   0:00 
Sebastian Aho            0  0  0   0  0   4  1  0  1  0  1/1    18:36   6:55   0:00 
Shayne Gostisbehere      0  0  0   0  0   0  0  0  0  0  0/0    22:47   8:07   0:00 
Tom Gilbert              0  1  1   1  0   1  1  0  1  0  0/0    12:33   0:00   0:53 

3 Stars

1 - Roberto Luongo (QUE)
2 - Kyle Turris (QUE)
3 - Connor Hellebuyck (HAR)

Power Play

Whalers - 0 on 1 Attempt(s) - 0,00%
Nordiques - 1 on 7 Attempt(s) - 14,29%

Penalty Kill

Whalers - 6 on 7 Attempt(s) - 85,71% - Score 0 goal in Penalty Kill
Nordiques - 1 on 1 Attempt(s) - 100,00% - Score 0 goal in Penalty Kill

Team Stat

Whalers - Hits : 23 - Faceoff Wins : 15 - Blocked Shots : 13 - Penalty Minutes : 14
Nordiques - Hits : 22 - Faceoff Wins : 38 - Blocked Shots : 4 - Penalty Minutes : 2

Official

Referees : Chris Lee and Tom Kowal
Linesman : Brad Lazarowich and Brian Murphy

Game Notes

No Game Note

Finance

Level 1 -- Attendance: 6000 (100,00%) -- Ticket Income 480 000 $
Level 2 -- Attendance: 4910 (98,20%) -- Ticket Income 245 500 $
Level 3 -- Attendance: 1923 (96,15%) -- Ticket Income 48 075 $
Level 4 -- Attendance: 4000 (100,00%) -- Ticket Income 40 000 $
Luxury Box -- Attendance: 1000 (100,00%) -- Ticket Income 160 000 $
Game was played at the Colisee.
Total Attendance: 17833 (99,07%)
Total Ticket Income: 973 575 $
Other Income: 477 052 $
Total Income: 1 450 627 $

Whalers

5 vs 5 Forward 
   Center                   Left Wing                Right Wing               Time % Phy DF OF 
 1 Austin Watson            Scott Hartnell           Phil Kessel              40     1   2  2  
 2 Drake Caggiula           Loui Eriksson            BROCK BOESER             30     1   2  2  
 3 Lance Bouma              Kris Versteeg            Ryan Callahan            20     1   2  2  
 4 Nic Dowd                 Phil Kessel              Byron Froese             10     1   2  2  

5 vs 5 Defense 
   Defense                  Defense                                           Time % Phy DF OF 
 1 Kris Russell             Dennis Wideman                                    40     1   2  2  
 2 Ryan Pulock              Jaycob Megna                                      30     1   2  2  
 3 Mark Barberio            Tommy Cross                                       20     1   2  2  
 4 Kris Russell             Dennis Wideman                                    10     1   2  2  

PowerPlay Forward 
   Center                   Left Wing                Right Wing               Time % Phy DF OF 
 1 Austin Watson            Scott Hartnell           Phil Kessel              60     1   2  2  
 2 Drake Caggiula           Loui Eriksson            BROCK BOESER             40     1   2  2  

PowerPlay Defense
   Defense                  Defense                                           Time % Phy DF OF 
 1 Kris Russell             Dennis Wideman                                    60     1   2  2  
 2 Ryan Pulock              Jaycob Megna                                      40     1   2  2  

Penalty Kill 4 Players Forward 
   Center                   Wing                     Time % Phy DF OF 
 1 Phil Kessel              BROCK BOESER             60     1   2  2  
 2 Scott Hartnell           Loui Eriksson            40     1   2  2  

Penalty Kill 4 Players Defense
   Defense                  Defense                  Time % Phy DF OF 
 1 Kris Russell             Dennis Wideman           60     1   2  2  
 2 Ryan Pulock              Jaycob Megna             40     1   2  2  

Penalty Kill - 3 Players Forward 
   Forward                                           Time % Phy DF OF 
 1 Phil Kessel                                       60     1   2  2  
 2 BROCK BOESER                                      40     1   2  2  

Penalty Kill - 3 Players Defense
   Defense                  Defense                  Time % Phy DF OF 
 1 Kris Russell             Dennis Wideman           60     1   2  2  
 2 Ryan Pulock              Jaycob Megna             40     1   2  2  

4 vs 4 Forward 
   Center                   Wing                     Time % Phy DF OF 
 1 Phil Kessel              BROCK BOESER             60     1   2  2  
 2 Scott Hartnell           Loui Eriksson            40     1   2  2  

4 vs 4 Defense
   Defense                  Defense                  Time % Phy DF OF 
 1 Kris Russell             Dennis Wideman           60     1   2  2  
 2 Ryan Pulock              Jaycob Megna             40     1   2  2  

Last Minutes Offensive
   Center                   Left Wing                Right Wing               Defense                  Defense                  
   Austin Watson            Scott Hartnell           Phil Kessel              Kris Russell             Dennis Wideman           

Last Minutes Defensive
   Center                   Left Wing                Right Wing               Defense                  Defense                  
   Austin Watson            Scott Hartnell           Phil Kessel              Kris Russell             Dennis Wideman           

Goaltenders
Starting : Connor Hellebuyck        
Backup : Louis Domingue           

Extra Forwards
Normal : Jonny Brodzinski, Kris Versteeg, Ryan Callahan - PP : Jonny Brodzinski, Kris Versteeg - PK : Ryan Callahan
Extra Defensemen
Normal : Mark Barberio, Tommy Cross, Ryan Pulock - PP : Mark Barberio - PK : Tommy Cross, Ryan Pulock
Penalty Shots
Phil Kessel, BROCK BOESER, Scott Hartnell, Loui Eriksson, Kris Versteeg
Custom OT Lines Forwards
Phil Kessel, BROCK BOESER, Scott Hartnell, Loui Eriksson, Kris Versteeg, Ryan Callahan, Austin Watson, Drake Caggiula, Lance Bouma, Nic Dowd
Custom OT Lines Defensemen
Kris Russell, Dennis Wideman, Ryan Pulock, Jaycob Megna, Mark Barberio

Scratches
Brooks Orpik (Strained Left Knee Injury), Dustin Byfuglien (Healthy), Derek Stepan (Healthy)

Nordiques

5 vs 5 Forward 
   Center                   Left Wing                Right Wing               Time % Phy DF OF 
 1 Ryan O'Reilly            Jamie Benn               Sebastian Aho            30     0   2  3  
 2 Kyle Turris              Evander Kane             Alexander Wennberg       30     0   2  3  
 3 Patrik Berglund          Jaromir Jagr             Connor Brown             30     0   2  3  
 4 Luke Glendening          Derek MacKenzie          Paul Carey               10     1   2  2  

5 vs 5 Defense 
   Defense                  Defense                                           Time % Phy DF OF 
 1 Jared Spurgeon           Morgan Rielly                                     38     1   3  1  
 2 Kevin Klein              Shayne Gostisbehere                               37     1   3  1  
 3 John-Michael Liles       Tom Gilbert                                       25     1   3  1  
 4 Jared Spurgeon           Morgan Rielly                                     0      1   2  2  

PowerPlay Forward 
   Center                   Left Wing                Right Wing               Time % Phy DF OF 
 1 Ryan O'Reilly            Jamie Benn               Sebastian Aho            50     0   1  4  
 2 Kyle Turris              Evander Kane             Alexander Wennberg       50     0   1  4  

PowerPlay Defense
   Defense                  Defense                                           Time % Phy DF OF 
 1 Jared Spurgeon           Shayne Gostisbehere                               60     0   2  3  
 2 John-Michael Liles       Morgan Rielly                                     40     0   2  3  

Penalty Kill 4 Players Forward 
   Center                   Wing                     Time % Phy DF OF 
 1 Patrik Berglund          Connor Brown             50     1   3  1  
 2 Luke Glendening          Derek MacKenzie          50     1   3  1  

Penalty Kill 4 Players Defense
   Defense                  Defense                  Time % Phy DF OF 
 1 Kevin Klein              Morgan Rielly            60     1   3  1  
 2 Jared Spurgeon           Tom Gilbert              40     1   3  1  

Penalty Kill - 3 Players Forward 
   Forward                                           Time % Phy DF OF 
 1 Ryan O'Reilly                                     50     0   3  2  
 2 Patrik Berglund                                   50     0   3  2  

Penalty Kill - 3 Players Defense
   Defense                  Defense                  Time % Phy DF OF 
 1 Kevin Klein              Morgan Rielly            60     1   3  1  
 2 Jared Spurgeon           Tom Gilbert              40     1   3  1  

4 vs 4 Forward 
   Center                   Wing                     Time % Phy DF OF 
 1 Ryan O'Reilly            Jamie Benn               50     0   2  3  
 2 Kyle Turris              Alexander Wennberg       50     0   3  2  

4 vs 4 Defense
   Defense                  Defense                  Time % Phy DF OF 
 1 Jared Spurgeon           Shayne Gostisbehere      50     1   3  1  
 2 Kevin Klein              Morgan Rielly            50     1   3  1  

Last Minutes Offensive
   Center                   Left Wing                Right Wing               Defense                  Defense                  
   Ryan O'Reilly            Jamie Benn               Sebastian Aho            Jared Spurgeon           Shayne Gostisbehere      

Last Minutes Defensive
   Center                   Left Wing                Right Wing               Defense                  Defense                  
   Ryan O'Reilly            Jamie Benn               Connor Brown             Jared Spurgeon           Morgan Rielly            

Goaltenders
Starting : Roberto Luongo           
Backup : Jonathan Bernier         

Extra Forwards
Normal : Evander Kane, Ryan O'Reilly, Jamie Benn - PP : Jaromir Jagr, Patrik Berglund - PK : Jamie Benn
Extra Defensemen
Normal : John-Michael Liles, Tom Gilbert, Kevin Klein - PP : Tom Gilbert - PK : John-Michael Liles, Shayne Gostisbehere
Penalty Shots
Patrik Berglund, Kyle Turris, Sebastian Aho, Jamie Benn, Ryan O'Reilly
Custom OT Lines Forwards
Jamie Benn, Ryan O'Reilly, Kyle Turris, Alexander Wennberg, Patrik Berglund, Sebastian Aho, Evander Kane, Jaromir Jagr, Connor Brown, Luke Glendening
Custom OT Lines Defensemen
Jared Spurgeon, Morgan Rielly, Shayne Gostisbehere, Kevin Klein, John-Michael Liles

Scratches
Jakub Vrana (Bruised Right Leg Injury), Chris VandeVelde (Healthy), Korbinian Holzer (Healthy)

% Time on Ice - Whalers

Lines # - Real PCT - Wanted PCT - Time Play
Normal Forward
1 - 27% - 40% - 12:00
2 - 33% - 30% - 14:33
3 - 29% - 20% - 12:48
4 - 11% - 10% - 4:59
Normal Defense
1 - 40% - 40% - 17:47
2 - 29% - 30% - 12:44
3 - 27% - 20% - 12:08
4 - 4% - 10% - 1:41
PP Forward
1 - 55% - 60% - 1:06
2 - 45% - 40% - 0:53
PP Defense
1 - 39% - 60% - 0:47
2 - 61% - 40% - 1:12
PK Forward
1 - 66% - 60% - 9:04
2 - 34% - 40% - 4:37
PK Defense
1 - 52% - 60% - 7:09
2 - 48% - 40% - 6:32
PK3 Forward
1 - 0% - 60%
2 - 0% - 40%
PK3 Defense
1 - 0% - 60%
2 - 0% - 40%
44 Forward
1 - 0% - 60%
2 - 0% - 40%
44 Defense
1 - 0% - 60%
2 - 0% - 40%
Last Minute Offensive  - 0:00
Last Minute Defensive  - 0:00
Total
Forward - 60:00
Defense - 60:00

% Time on Ice - Nordiques

Lines # - Real PCT - Wanted PCT - Time Play
Normal Forward
1 - 29% - 30% - 12:59
2 - 26% - 30% - 11:43
3 - 27% - 30% - 12:02
4 - 17% - 10% - 7:36
Normal Defense
1 - 36% - 38% - 15:57
2 - 35% - 37% - 15:39
3 - 26% - 25% - 11:40
4 - 2% - 0% - 1:04
PP Forward
1 - 51% - 50% - 6:57
2 - 49% - 50% - 6:44
PP Defense
1 - 59% - 60% - 8:07
2 - 41% - 40% - 5:34
PK Forward
1 - 54% - 50% - 1:04
2 - 46% - 50% - 0:55
PK Defense
1 - 55% - 60% - 1:06
2 - 45% - 40% - 0:53
PK3 Forward
1 - 0% - 50%
2 - 0% - 50%
PK3 Defense
1 - 0% - 60%
2 - 0% - 40%
44 Forward
1 - 0% - 50%
2 - 0% - 50%
44 Defense
1 - 0% - 50%
2 - 0% - 50%
Last Minute Offensive  - 0:00
Last Minute Defensive  - 0:00
Total
Forward - 60:00
Defense - 60:00

Play by Play

1st period


0:01 of 1st period - Sebastian Aho wins face-off versus Austin Watson in neutral zone.
0:14 of 1st period - Slapshot by Ryan O'Reilly.
0:14 of 1st period - Stopped by Connor Hellebuyck with a rebound.
0:56 of 1st period - Wrist shot by Ryan Callahan.
0:56 of 1st period - Shot Misses the Net.
1:28 of 1st period - Slapshot by Sebastian Aho.
1:28 of 1st period - Deflect By Jamie Benn.
1:28 of 1st period - Stopped by Connor Hellebuyck with a rebound.
1:31 of 1st period - Icing by Jaycob Megna.
1:32 of 1st period - Drake Caggiula wins face-off versus Kyle Turris in Whalers zone.
1:36 of 1st period - Off-side.
1:37 of 1st period - Kyle Turris wins face-off versus Austin Watson in neutral zone.
3:18 of 1st period - Snap shot by Ryan Callahan.
3:18 of 1st period - Stopped by Roberto Luongo without a rebound.
3:19 of 1st period - Patrik Berglund wins face-off versus Austin Watson in Nordiques zone.
3:24 of 1st period - Jaycob Megna is hit by Patrik Berglund and loses puck.
3:31 of 1st period - Wrist shot by Jaromir Jagr.
3:31 of 1st period - Shot Blocked by Jaycob Megna.
3:33 of 1st period - Slapshot by Tom Gilbert.
3:33 of 1st period - Stopped by Connor Hellebuyck with a rebound.
3:35 of 1st period - Slapshot by John-Michael Liles.
3:35 of 1st period - Shot Blocked by Austin Watson.
4:31 of 1st period - Wrist shot by Jared Spurgeon.
4:31 of 1st period - Stopped by Connor Hellebuyck with a rebound.
4:33 of 1st period - Snap shot by Jared Spurgeon.
4:33 of 1st period - Shot Misses the Net.
4:37 of 1st period - Snap shot by Paul Carey.
4:37 of 1st period - Shot Blocked by Phil Kessel.
4:55 of 1st period - Snap shot by BROCK BOESER.
4:55 of 1st period - Shot Misses the Net.
5:01 of 1st period - Drake Caggiula is hit by Connor Brown.
5:19 of 1st period - Snap shot by Sebastian Aho.
5:19 of 1st period - Shot Misses the Net.
5:21 of 1st period - Snap shot by Ryan O'Reilly.
5:21 of 1st period - Shot Misses the Net.
5:48 of 1st period - Icing by Loui Eriksson.
5:49 of 1st period - Luke Glendening wins face-off versus Drake Caggiula in Whalers zone.
6:49 of 1st period - Morgan Rielly is hit by Drake Caggiula.
7:55 of 1st period - Connor Brown is hit by Jaycob Megna and loses puck.
8:06 of 1st period - Austin Watson is hit by Kyle Turris and loses puck.
8:11 of 1st period - Snap shot by Kyle Turris.
8:11 of 1st period - Stopped by Connor Hellebuyck without a rebound.
8:12 of 1st period - Kyle Turris wins face-off versus Lance Bouma in Whalers zone.
8:13 of 1st period - Snap shot by Alexander Wennberg.
8:13 of 1st period - Stopped by Connor Hellebuyck without a rebound.
8:14 of 1st period - Alexander Wennberg wins face-off versus Lance Bouma in Whalers zone.
8:16 of 1st period - Minor Penalty to Ryan Callahan for High sticking.
8:17 of 1st period - Phil Kessel wins face-off versus Ryan O'Reilly in Whalers zone.
8:21 of 1st period - Wrist shot by BROCK BOESER.
8:21 of 1st period - Shot Misses the Net.
8:33 of 1st period - Wrist shot by Sebastian Aho.
8:33 of 1st period - Stopped by Connor Hellebuyck with a rebound.
8:51 of 1st period - Wrist shot by Kyle Turris.
8:51 of 1st period - Stopped by Connor Hellebuyck with a rebound.
9:48 of 1st period - Alexander Wennberg is hit by Scott Hartnell and loses puck.
10:16 of 1st period - Penalty to Ryan Callahan is over, Ryan Callahan is back on ice.
11:32 of 1st period - Connor Brown is hit by Kris Russell and loses puck.
11:47 of 1st period - Jamie Benn is hit by Kris Russell and loses puck.
11:58 of 1st period - Ryan Callahan is hit by Paul Carey and loses puck.
12:10 of 1st period - Icing by Mark Barberio.
12:11 of 1st period - Kyle Turris wins face-off versus Lance Bouma in Whalers zone.
12:16 of 1st period - Snap shot by Alexander Wennberg.
12:16 of 1st period - Stopped by Connor Hellebuyck without a rebound.
12:17 of 1st period - Austin Watson wins face-off versus Kyle Turris in Whalers zone.
12:32 of 1st period - Snap shot by Alexander Wennberg.
12:32 of 1st period - Stopped by Connor Hellebuyck with a rebound.
12:34 of 1st period - Wrist shot by Kyle Turris.
12:34 of 1st period - Shot Misses the Net.
12:46 of 1st period - Wrist shot by Jaromir Jagr.
12:46 of 1st period - Stopped by Connor Hellebuyck without a rebound.
12:47 of 1st period - Drake Caggiula wins face-off versus Patrik Berglund in Whalers zone.
15:22 of 1st period - Snap shot by Derek MacKenzie.
15:22 of 1st period - Deflect By Paul Carey.
15:22 of 1st period - Shot Misses the Net.
15:22 of 1st period - Puck is out of play.
15:23 of 1st period - Luke Glendening wins face-off versus Austin Watson in Whalers zone.
15:37 of 1st period - Minor Penalty to Austin Watson for Interference.
15:38 of 1st period - Phil Kessel wins face-off versus Kyle Turris in Whalers zone.
15:56 of 1st period - Off-side.
15:57 of 1st period - Phil Kessel wins face-off versus Ryan O'Reilly in neutral zone.
16:00 of 1st period - Ryan O'Reilly is hit by BROCK BOESER and loses puck.
17:15 of 1st period - Kyle Turris is hit by Dennis Wideman and loses puck.
17:37 of 1st period - Penalty to Austin Watson is over, Austin Watson is back on ice.
18:11 of 1st period - Wrist shot by Scott Hartnell.
18:11 of 1st period - Stopped by Roberto Luongo without a rebound.
18:12 of 1st period - Patrik Berglund wins face-off versus Lance Bouma in Nordiques zone.
18:27 of 1st period - Snap shot by Kris Versteeg.
18:27 of 1st period - Shot Misses the Net.
18:34 of 1st period - Icing by Morgan Rielly.
18:35 of 1st period - Nic Dowd wins face-off versus Connor Brown in Nordiques zone.
18:40 of 1st period - Wrist shot by Phil Kessel.
18:40 of 1st period - Stopped by Roberto Luongo with a rebound.
18:42 of 1st period - Wrist shot by Dennis Wideman.
18:42 of 1st period - Stopped by Roberto Luongo without a rebound.
18:43 of 1st period - Nic Dowd wins face-off versus Ryan O'Reilly in Nordiques zone.
19:14 of 1st period - Wrist shot by BROCK BOESER.
19:14 of 1st period - Stopped by Roberto Luongo with a rebound.
19:16 of 1st period - Slapshot by Jaycob Megna.
19:16 of 1st period - Stopped by Roberto Luongo with a rebound.
Goals for this period are 0 for Whalers vs 0 for Nordiques.
Shots for this period are 6 for Whalers vs 11 for Nordiques.

2nd period


0:01 of 2nd period - Ryan O'Reilly wins face-off versus Austin Watson in neutral zone.
0:26 of 2nd period - Scott Hartnell is hit by Connor Brown and loses puck.
0:31 of 2nd period - Wrist shot by Jaromir Jagr.
0:31 of 2nd period - Shot Misses the Net.
0:33 of 2nd period - Snap shot by Patrik Berglund.
0:33 of 2nd period - Stopped by Connor Hellebuyck with a rebound.
0:35 of 2nd period - Snap shot by Connor Brown.
0:35 of 2nd period - Stopped by Connor Hellebuyck without a rebound.
0:36 of 2nd period - Kyle Turris wins face-off versus Drake Caggiula in Whalers zone.
0:37 of 2nd period - Wrist shot by Alexander Wennberg.
0:37 of 2nd period - Stopped by Connor Hellebuyck with a rebound.
0:39 of 2nd period - Snap shot by Alexander Wennberg.
0:39 of 2nd period - Shot Misses the Net.
0:41 of 2nd period - Wrist shot by Evander Kane.
0:41 of 2nd period - Stopped by Connor Hellebuyck with a rebound.
0:43 of 2nd period - Wrist shot by Shayne Gostisbehere.
0:43 of 2nd period - Deflect By Evander Kane.
0:43 of 2nd period - Shot Misses the Net.
0:43 of 2nd period - Puck is out of play.
0:44 of 2nd period - Kyle Turris wins face-off versus Loui Eriksson in Whalers zone.
0:48 of 2nd period - Minor Penalty to BROCK BOESER for Hooking.
0:49 of 2nd period - Ryan O'Reilly wins face-off versus Phil Kessel in Whalers zone.
0:55 of 2nd period - Slapshot by Ryan O'Reilly.
0:55 of 2nd period - Shot Misses the Net.
2:24 of 2nd period - Kris Russell is hit by Evander Kane and loses puck.
2:33 of 2nd period - Snap shot by Kyle Turris.
2:33 of 2nd period - Shot Misses the Net.
2:35 of 2nd period - Slapshot by Alexander Wennberg.
2:35 of 2nd period - Deflect By Evander Kane.
2:35 of 2nd period - Goal by Evander Kane - Whalers : 0 - Nordiques : 1.
2:36 of 2nd period - Ryan O'Reilly wins face-off versus Austin Watson in neutral zone.
2:45 of 2nd period - Snap shot by Sebastian Aho.
2:45 of 2nd period - Deflect By Jamie Benn.
2:45 of 2nd period - Stopped by Connor Hellebuyck with a rebound.
2:47 of 2nd period - Slapshot by Jamie Benn.
2:47 of 2nd period - Stopped by Connor Hellebuyck with a rebound.
2:49 of 2nd period - Snap shot by Sebastian Aho.
2:49 of 2nd period - Stopped by Connor Hellebuyck without a rebound.
2:50 of 2nd period - Jamie Benn wins face-off versus Austin Watson in Whalers zone.
3:01 of 2nd period - Snap shot by Scott Hartnell.
3:01 of 2nd period - Shot Misses the Net.
3:17 of 2nd period - Jared Spurgeon is hit by Lance Bouma and loses puck.
3:43 of 2nd period - Minor Penalty to Ryan Pulock for Holding.
3:44 of 2nd period - Ryan O'Reilly wins face-off versus Phil Kessel in Whalers zone.
4:51 of 2nd period - Jaycob Megna is hit by Jamie Benn and loses puck.
5:43 of 2nd period - Penalty to Ryan Pulock is over, Ryan Pulock is back on ice.
6:00 of 2nd period - Minor Penalty to Jaromir Jagr for Interference.
6:01 of 2nd period - Patrik Berglund wins face-off versus Austin Watson in Nordiques zone.
6:12 of 2nd period - Luke Glendening is hit by Phil Kessel and loses puck.
6:59 of 2nd period - Patrik Berglund is hit by BROCK BOESER and loses puck.
8:00 of 2nd period - Penalty to Jaromir Jagr is over, Jaromir Jagr is back on ice.
8:08 of 2nd period - Jaromir Jagr is hit by Tommy Cross.
8:26 of 2nd period - Kris Russell is hit by Jaromir Jagr and loses puck.
8:38 of 2nd period - Ryan Callahan is hit by Patrik Berglund and loses puck.
8:47 of 2nd period - Snap shot by Jaromir Jagr.
8:47 of 2nd period - Stopped by Connor Hellebuyck without a rebound.
8:48 of 2nd period - Kyle Turris wins face-off versus Nic Dowd in Whalers zone.
8:55 of 2nd period - John-Michael Liles is hit by Byron Froese and loses puck.
9:23 of 2nd period - Ryan O'Reilly is hit by Drake Caggiula and loses puck.
9:39 of 2nd period - Phil Kessel is hit by Paul Carey and loses puck.
10:02 of 2nd period - Snap shot by Scott Hartnell.
10:02 of 2nd period - Deflect By Phil Kessel.
10:02 of 2nd period - Shot Blocked by Ryan O'Reilly.
10:02 of 2nd period - Puck is out of play.
10:03 of 2nd period - Ryan O'Reilly wins face-off versus Drake Caggiula in Nordiques zone.
10:08 of 2nd period - Snap shot by Jamie Benn.
10:08 of 2nd period - Shot Blocked by Ryan Pulock.
10:38 of 2nd period - Snap shot by Kyle Turris.
10:38 of 2nd period - Stopped by Connor Hellebuyck without a rebound.
10:39 of 2nd period - Kyle Turris wins face-off versus Austin Watson in Whalers zone.
10:49 of 2nd period - Minor Penalty to Tommy Cross for Interference.
10:50 of 2nd period - Ryan O'Reilly wins face-off versus Phil Kessel in Whalers zone.
11:15 of 2nd period - Dennis Wideman is hit by Jamie Benn and loses puck.
11:42 of 2nd period - Snap shot by Jamie Benn.
11:42 of 2nd period - Stopped by Connor Hellebuyck without a rebound.
11:43 of 2nd period - Kyle Turris wins face-off versus Phil Kessel in Whalers zone.
12:08 of 2nd period - John-Michael Liles is hit by Scott Hartnell and loses puck.
12:49 of 2nd period - Penalty to Tommy Cross is over, Tommy Cross is back on ice.
13:01 of 2nd period - Snap shot by Ryan Callahan.
13:01 of 2nd period - Shot Misses the Net.
13:03 of 2nd period - Slapshot by Dennis Wideman.
13:03 of 2nd period - Shot Blocked by Patrik Berglund.
13:45 of 2nd period - Snap shot by Ryan Callahan.
13:45 of 2nd period - Stopped by Roberto Luongo with a rebound.
14:17 of 2nd period - Patrik Berglund is hit by Jaycob Megna and loses puck.
14:46 of 2nd period - Wrist shot by Kris Versteeg.
14:46 of 2nd period - Deflect By Ryan Callahan.
14:46 of 2nd period - Shot Misses the Net.
14:46 of 2nd period - Puck is out of play.
14:47 of 2nd period - Lance Bouma wins face-off versus Kyle Turris in Nordiques zone.
15:14 of 2nd period - Connor Brown is hit by BROCK BOESER and loses puck.
15:57 of 2nd period - Wrist shot by Sebastian Aho.
15:57 of 2nd period - Shot Blocked by BROCK BOESER.
15:59 of 2nd period - Snap shot by Jamie Benn.
15:59 of 2nd period - Shot Blocked by Dennis Wideman.
16:01 of 2nd period - Slapshot by Morgan Rielly.
16:01 of 2nd period - Shot Blocked by Kris Russell.
16:03 of 2nd period - Snap shot by Ryan O'Reilly.
16:03 of 2nd period - Shot Misses the Net.
16:05 of 2nd period - Snap shot by Sebastian Aho.
16:05 of 2nd period - Shot Misses the Net.
16:13 of 2nd period - Slapshot by Sebastian Aho.
16:13 of 2nd period - Stopped by Connor Hellebuyck without a rebound.
16:14 of 2nd period - Lance Bouma wins face-off versus Kyle Turris in Whalers zone.
17:23 of 2nd period - Off-side.
17:24 of 2nd period - Lance Bouma wins face-off versus Kyle Turris in neutral zone.
17:27 of 2nd period - Slapshot by Dennis Wideman.
17:27 of 2nd period - Shot Misses the Net.
17:29 of 2nd period - Wrist shot by Lance Bouma.
17:29 of 2nd period - Stopped by Roberto Luongo without a rebound.
17:30 of 2nd period - Kris Versteeg wins face-off versus Kyle Turris in Nordiques zone.
17:31 of 2nd period - Wrist shot by Ryan Callahan.
17:31 of 2nd period - Stopped by Roberto Luongo with a rebound.
17:33 of 2nd period - Snap shot by Ryan Callahan.
17:33 of 2nd period - Shot Blocked by Kevin Klein.
17:35 of 2nd period - Slapshot by Kris Russell.
17:35 of 2nd period - Stopped by Roberto Luongo with a rebound.
18:05 of 2nd period - Snap shot by Scott Hartnell.
18:05 of 2nd period - Stopped by Roberto Luongo without a rebound.
18:06 of 2nd period - Austin Watson wins face-off versus Ryan O'Reilly in Nordiques zone.
18:52 of 2nd period - Snap shot by Jared Spurgeon.
18:52 of 2nd period - Stopped by Connor Hellebuyck without a rebound.
18:53 of 2nd period - Lance Bouma wins face-off versus Patrik Berglund in Whalers zone.
18:53 of 2nd period - Lance Bouma is hit by Tom Gilbert.
19:05 of 2nd period - Wrist shot by Kris Versteeg.
19:05 of 2nd period - Stopped by Roberto Luongo without a rebound.
19:06 of 2nd period - Kyle Turris wins face-off versus Austin Watson in Nordiques zone.
19:35 of 2nd period - Icing by Loui Eriksson.
19:36 of 2nd period - Patrik Berglund wins face-off versus Drake Caggiula in Whalers zone.
19:45 of 2nd period - Connor Brown is hit by Drake Caggiula and loses puck.
19:50 of 2nd period - Backhand shot by Loui Eriksson.
19:50 of 2nd period - Shot Misses the Net.
19:52 of 2nd period - Slapshot by Loui Eriksson.
19:52 of 2nd period - Stopped by Roberto Luongo with a rebound.
19:54 of 2nd period - Snap shot by Drake Caggiula.
19:54 of 2nd period - Stopped by Roberto Luongo with a rebound.
19:56 of 2nd period - Snap shot by BROCK BOESER.
19:56 of 2nd period - Shot Blocked by Jaromir Jagr.
19:58 of 2nd period - Wrist shot by BROCK BOESER.
19:58 of 2nd period - Stopped by Roberto Luongo with a rebound.
Goals for this period are 0 for Whalers vs 1 for Nordiques.
Shots for this period are 9 for Whalers vs 13 for Nordiques.

3rd period


0:01 of 3rd period - Kyle Turris wins face-off versus Scott Hartnell in neutral zone.
0:04 of 3rd period - Minor Penalty to Jaycob Megna for Hooking.
0:05 of 3rd period - Kyle Turris wins face-off versus Phil Kessel in Whalers zone.
2:04 of 3rd period - Penalty to Jaycob Megna is over, Jaycob Megna is back on ice.
2:10 of 3rd period - Wrist shot by Paul Carey.
2:10 of 3rd period - Stopped by Connor Hellebuyck without a rebound.
2:11 of 3rd period - Luke Glendening wins face-off versus Lance Bouma in Whalers zone.
2:18 of 3rd period - Wrist shot by Ryan Callahan.
2:18 of 3rd period - Shot Misses the Net.
2:28 of 3rd period - Lance Bouma is hit by Paul Carey and loses puck.
2:35 of 3rd period - Snap shot by Luke Glendening.
2:35 of 3rd period - Shot Blocked by Mark Barberio.
2:43 of 3rd period - Snap shot by Ryan Callahan.
2:43 of 3rd period - Stopped by Roberto Luongo with a rebound.
2:45 of 3rd period - Slapshot by Tommy Cross.
2:45 of 3rd period - Stopped by Roberto Luongo with a rebound.
3:17 of 3rd period - Snap shot by Kris Versteeg.
3:17 of 3rd period - Stopped by Roberto Luongo without a rebound.
3:18 of 3rd period - Kyle Turris wins face-off versus Austin Watson in Nordiques zone.
3:43 of 3rd period - Ryan O'Reilly is hit by Loui Eriksson and loses puck.
4:08 of 3rd period - Patrik Berglund is hit by Phil Kessel and loses puck.
4:52 of 3rd period - Kris Russell is hit by Patrik Berglund and loses puck.
5:05 of 3rd period - Dennis Wideman is hit by Kyle Turris and loses puck.
6:30 of 3rd period - Slapshot by Scott Hartnell.
6:30 of 3rd period - Shot Misses the Net.
6:32 of 3rd period - Wrist shot by Austin Watson.
6:32 of 3rd period - Stopped by Roberto Luongo with a rebound.
6:34 of 3rd period - Slapshot by Ryan Pulock.
6:34 of 3rd period - Shot Misses the Net.
7:34 of 3rd period - Slapshot by Alexander Wennberg.
7:34 of 3rd period - Stopped by Connor Hellebuyck with a rebound.
7:36 of 3rd period - Wrist shot by Evander Kane.
7:36 of 3rd period - Stopped by Connor Hellebuyck with a rebound.
7:38 of 3rd period - Wrist shot by Alexander Wennberg.
7:38 of 3rd period - Stopped by Connor Hellebuyck with a rebound.
8:23 of 3rd period - Jaycob Megna is hit by Ryan O'Reilly and loses puck.
8:30 of 3rd period - Wrist shot by Sebastian Aho.
8:30 of 3rd period - Stopped by Connor Hellebuyck without a rebound.
8:31 of 3rd period - Kyle Turris wins face-off versus Lance Bouma in Whalers zone.
8:48 of 3rd period - Snap shot by Kyle Turris.
8:48 of 3rd period - Stopped by Connor Hellebuyck without a rebound.
8:49 of 3rd period - Patrik Berglund wins face-off versus Austin Watson in Whalers zone.
9:21 of 3rd period - Snap shot by Kyle Turris.
9:21 of 3rd period - Shot Blocked by Jaycob Megna.
9:23 of 3rd period - Slapshot by Evander Kane.
9:23 of 3rd period - Shot Blocked by Drake Caggiula.
9:25 of 3rd period - Slapshot by Evander Kane.
9:25 of 3rd period - Stopped by Connor Hellebuyck with a rebound.
9:35 of 3rd period - Ryan Pulock is hit by Jared Spurgeon and loses puck.
9:43 of 3rd period - Icing by Ryan Pulock.
9:44 of 3rd period - Patrik Berglund wins face-off versus Lance Bouma in Whalers zone.
9:47 of 3rd period - Slapshot by Jaromir Jagr.
9:47 of 3rd period - Shot Blocked by Ryan Pulock.
9:49 of 3rd period - Snap shot by Connor Brown.
9:49 of 3rd period - Deflect By Patrik Berglund.
9:49 of 3rd period - Shot Misses the Net.
9:49 of 3rd period - Puck is out of play.
9:50 of 3rd period - Patrik Berglund wins face-off versus Austin Watson in Whalers zone.
10:04 of 3rd period - Minor Penalty to Austin Watson for Interference.
10:05 of 3rd period - Ryan O'Reilly wins face-off versus Phil Kessel in Whalers zone.
10:21 of 3rd period - Shayne Gostisbehere is hit by Kris Russell.
10:31 of 3rd period - Kyle Turris is hit by Kris Russell and loses puck.
10:52 of 3rd period - Kris Russell is hit by Sebastian Aho and loses puck.
12:04 of 3rd period - Penalty to Austin Watson is over, Austin Watson is back on ice.
12:18 of 3rd period - Jaycob Megna is hit by Connor Brown and loses puck.
13:07 of 3rd period - Jared Spurgeon is hit by Scott Hartnell and loses puck.
13:28 of 3rd period - Mark Barberio is hit by Jamie Benn and loses puck.
13:37 of 3rd period - Wrist shot by Phil Kessel.
13:37 of 3rd period - Stopped by Roberto Luongo without a rebound.
13:38 of 3rd period - Kyle Turris wins face-off versus Drake Caggiula in Nordiques zone.
14:01 of 3rd period - Wrist shot by Jamie Benn.
14:01 of 3rd period - Stopped by Connor Hellebuyck with a rebound.
14:10 of 3rd period - Off-side.
14:11 of 3rd period - Kyle Turris wins face-off versus Drake Caggiula in neutral zone.
14:16 of 3rd period - Snap shot by Alexander Wennberg.
14:16 of 3rd period - Shot Misses the Net.
14:18 of 3rd period - Slapshot by Tom Gilbert.
14:18 of 3rd period - Shot Blocked by Ryan Pulock.
14:20 of 3rd period - Slapshot by Kyle Turris.
14:20 of 3rd period - Goal by Kyle Turris - Whalers : 0 - Nordiques : 2.
14:21 of 3rd period - Ryan O'Reilly wins face-off versus Phil Kessel in neutral zone.
14:52 of 3rd period - Snap shot by Patrik Berglund.
14:52 of 3rd period - Stopped by Connor Hellebuyck with a rebound.
15:00 of 3rd period - Wrist shot by Jaromir Jagr.
15:00 of 3rd period - Shot Misses the Net.
15:02 of 3rd period - Slapshot by Jared Spurgeon.
15:02 of 3rd period - Deflect By Dennis Wideman.
15:02 of 3rd period - Stopped by Connor Hellebuyck with a rebound.
15:22 of 3rd period - Wrist shot by Kyle Turris.
15:22 of 3rd period - Stopped by Connor Hellebuyck with a rebound.
15:54 of 3rd period - Slapshot by Sebastian Aho.
15:54 of 3rd period - Deflect By Jamie Benn.
15:54 of 3rd period - Shot Blocked by Kris Versteeg.
15:54 of 3rd period - Puck is out of play.
15:55 of 3rd period - Jamie Benn wins face-off versus Drake Caggiula in Whalers zone.
15:56 of 3rd period - Slapshot by Ryan O'Reilly.
15:56 of 3rd period - Stopped by Connor Hellebuyck without a rebound.
15:57 of 3rd period - Ryan O'Reilly wins face-off versus Drake Caggiula in Whalers zone.
16:37 of 3rd period - Snap shot by Jamie Benn.
16:37 of 3rd period - Stopped by Connor Hellebuyck without a rebound.
16:38 of 3rd period - Austin Watson wins face-off versus Patrik Berglund in Whalers zone.
17:03 of 3rd period - Kris Versteeg is hit by John-Michael Liles and loses puck.
17:39 of 3rd period - Snap shot by Jamie Benn.
17:39 of 3rd period - Shot Misses the Net.
18:34 of 3rd period - Ryan O'Reilly is hit by Jaycob Megna and loses puck.
19:03 of 3rd period - BROCK BOESER is hit by Patrik Berglund and loses puck.
Goals for this period are 0 for Whalers vs 1 for Nordiques.
Shots for this period are 5 for Whalers vs 14 for Nordiques.